 Dungeon Crawl Stone Soup version 0.25.1-3-ge44b62a0b3 (webtiles) character file.

Game seed: 14641784285636463572

6465 JakoBeide the Spear-Bearer (level 10, -2/90 HPs)
             Began as a Minotaur Berserker on Nov 23, 2020.
             Was a High Priest of Trog.
             Slain by a death yak (10 damage)
             ... on level 11 of the Dungeon.
             The game lasted 01:06:42 (10589 turns).

JakoBeide the Spear-Bearer (Minotaur Berserker)    Turns: 10589, Time: 01:06:42

Health: -2/90      AC: 12    Str: 25    XL:     10   Next: 68%
Magic:  0/18       EV: 14    Int:  4    God:    Trog [*****.]
Gold:   528        SH:  0    Dex: 10    Spells: 9/9 levels left

rFire    + . .     SeeInvis .   z - +0 trident
rCold    . . .     Gourm    .   (no shield)
rNeg     . . .     Faith    .   i - +0 ring mail
rPois    .         Spirit   +   (helmet restricted)
rElec    .         Reflect  .   G - +2 cloak
rCorr    .         Harm     .   I - +0 pair of gloves
MR       ++...                  U - +0 pair of boots
Stlth    ++........             f - amulet of guardian spirit
HPRegen  1.25/turn              h - ring of magical power
MPRegen  0.16/turn              m - ring of protection from fire

@: regenerating
A: retaliatory headbutt, horns 2
a: Berserk, Trog's Hand, Brothers in Arms, Renounce Religion


You were on level 11 of the Dungeon.
You worshipped Trog.
Trog was extremely pleased with you.
You were not hungry.

You visited 1 branch of the dungeon, and saw 11 of its levels.

You collected 528 gold pieces.

Inventory:

Hand Weapons
 a - a +0 spear
 g - a +0 spear
 r - a cursed -1 falchion
 v - a +0 scythe
 y - a +2 mace of protection
 z - a +0 trident (weapon)
 E - a +1 dagger of chaos
 L - a +4 dagger
 N - a +0 spear
 P - a +2 short sword of venom
 W - a +0 dagger
Missiles
 l - 25 poisoned darts (quivered)
 p - 30 sling bullets
 J - 5 silver javelins
Armour
 b - a +0 animal skin
 i - a +0 ring mail (worn)
 k - a +0 scale mail
 w - a +2 robe of cold resistance
 B - a +0 cloak
 G - a +2 cloak (worn)
 I - a +0 pair of gloves (worn)
 U - a +0 pair of boots (worn)
 X - a +0 helmet
Jewellery
 f - an amulet of guardian spirit (around neck)
 h - a ring of magical power (left hand)
 m - a ring of protection from fire (right hand)
 n - an uncursed amulet of faith
 s - an uncursed amulet of the acrobat {unknown}
 C - a cursed -4 ring of strength
 D - an uncursed amulet of faith
 R - the ring "Tygoudeiba" {rElec rPois Str-4 Int+6 Stlth+}
   (You found it on level 9 of the Dungeon)

   [ring of stealth]

   It affects your strength (-4).
   It affects your intelligence (+6).
   It insulates you from electricity.
   It protects you from poison.
   It makes you more stealthy.
Wands
 M - a wand of random effects (28)
 Q - a wand of paralysis (6)
 S - a wand of enslavement (6)
 T - a wand of iceblast (10)
 V - a wand of flame (27)
Scrolls
 e - 2 scrolls of teleportation
 o - 2 scrolls of fog
 q - 2 scrolls of magic mapping
 t - 2 scrolls of fear
 u - 5 scrolls of remove curse
 A - a scroll of immolation
 O - a scroll of random uselessness {unknown}
Potions
 d - 2 potions of curing
 j - a potion of brilliance
 x - a potion of flight {unknown}
 F - a potion of berserk rage {unknown}
 H - 3 potions of stabbing {unknown}
 K - a potion of ambrosia {unknown}
 Z - a potion of mutation {unknown}
Comestibles
 c - 16 rations


   Skills:
 + Level 8.7 Fighting
 + Level 11.3 Polearms
 + Level 7.2 Throwing
 + Level 7.3 Armour
 + Level 6.8 Dodging
 + Level 3.8 Stealth


You had 9 spell levels left.
You didn't know any spells.
Your spell library contained the following spells:

 Spells                   Type           Power        Failure   Level  Hunger
 Corona                   Hex            #......      63%         1    ##.....
 Magic Dart               Conj           #...         63%         1    ##.....
 Shock                    Conj/Air       #...         63%         1    ##.....
 Blink                    Tloc           N/A          77%         2    ###....
 Call Imp                 Summ           #.......     77%         2    ###....
 Ensorcelled Hibernation  Hex/Ice        #.....       77%         2    ###....
 Slow                     Hex            #.......     77%         2    ###....
 Swiftness                Chrm/Air       #.......     77%         2    ###....
 Confusing Touch          Hex            #.......     94%         3    ####...
 Conjure Flame            Conj/Fire      #.......     94%         3    ####...
 Dazzling Flash           Conj/Hex       #.....       94%         3    ####...
 Mephitic Cloud           Conj/Pois/Air  #.......     94%         3    ####...
 Static Discharge         Conj/Air       #.......     94%         3    ####...
 Tukima's Dance           Hex            #.......     94%         3    ####...
 Airstrike                Air            #.........   100%        4    #####..
 Lightning Bolt           Conj/Air       #.........   100%        5    ######.


Dungeon Overview and Level Annotations

Branches:
Dungeon (11/15)            Temple (0/1) D:5
   Lair: D:8-11         Orc: D:9-12

Altars:
Ashenzari
Cheibriados
Dithmenos
Elyvilon
Fedhas
Gozag
Okawaru
Trog
Wu Jian
Xom
Zin

Shops:
D:5 !   D:7 (


Innate Abilities, Weirdness & Mutations

You reflexively headbutt those who attack you in melee.
You have a pair of horns on your head.


Message History

You can't go up here!
You feel better.
The centaur shoots an arrow.
The arrow barely misses you.
The centaur shoots an arrow.
The arrow hits you!
* * * LOW HITPOINT WARNING * * *
The death yak gores you!!
* * * LOW HITPOINT WARNING * * *
The centaur shoots an arrow.
The arrow hits you.
* * * LOW HITPOINT WARNING * * *
You climb downwards.
A quokka, a hound, a worker ant, a cyclops and a skeleton come into view.
The cyclops shouts!
There is a stone staircase leading up here.
Your skin crawls.
You feel resistant to hostile enchantments.
You feel somewhat more hungry.
The death yak gores you but does no damage.
You fail to use your ability.
The worker ant twitches its antennae in your direction.
The death yak gores you!
You die...

##########
#.........
#.........
#..Yh..a..
#.@.......
#..Z......
.r......###
....#######
#...# #..C
.... #.#.


You could see a death yak, a cyclops, a hound, a worker ant, a quokka and a
bullfrog skeleton.

Vanquished Creatures
  A two-headed ogre (D:9)
  A centaur skeleton (D:10)
  Grinder (D:3)
  A hippogriff (D:9)
  Sigmund (D:3)
  Prince Ribbit (D:8)
  2 water moccasins
  3 orc warriors
  3 sky beasts
  A necrophage (D:8)
  3 ice beasts
  6 ogres
  3 centaurs
  5 bullfrogs
  A wyvern zombie (D:7)
  6 scorpions
  A water moccasin skeleton (D:6)
  6 killer bees
  4 wights (D:7)
  2 howler monkeys
  2 bullfrog zombies
  9 crimson imps
  A quasit (D:8)
  A centaur zombie (D:6)
  4 orc priests
  7 hounds
  4 jellies
  2 bullfrog skeletons
  Jessica (D:3)
  9 orc wizards
  2 iguanas
  7 worker ants
  A killer bee zombie (D:8)
  A worker ant zombie (D:8)
  10 adders
  5 gnolls
  2 shadow imps
  2 oozes
  An adder skeleton (D:9)
  2 dart slugs
  5 leopard geckos
  36 orcs
  2 ball pythons (D:1)
  3 giant cockroaches
  6 goblins
  6 hobgoblins
  2 jackals (D:2)
  7 kobolds
  2 quokkas
  6 bats
  4 frilled lizards
  14 rats
  A fungus (D:4)
219 creatures vanquished.

Notes
Turn   | Place    | Note
-------+----------+-------------------------------------------
     0 | D:1      | JakoBeide the Minotaur Berserker began the quest for the
                  | Orb.
     0 | D:1      | Reached XP level 1. HP: 19/19 MP: 0/0
     2 | D:1      | Noticed a formicid
     2 | D:1      | Noticed a vine stalker
     4 | D:1      | Noticed a dwarf
     6 | D:1      | Noticed a demonspawn
     6 | D:1      | Noticed a merfolk
     8 | D:1      | Noticed a spriggan
    10 | D:1      | Noticed a ghoul
    10 | D:1      | Noticed an ogre
    16 | D:1      | Noticed a vampire
    16 | D:1      | Noticed a gargoyle
    18 | D:1      | Noticed an octopode
    18 | D:1      | Noticed a felid
    20 | D:1      | Noticed a naga
    22 | D:1      | Noticed a halfling
    22 | D:1      | Noticed a human
    24 | D:1      | Noticed a demigod
    24 | D:1      | Noticed a troll
    26 | D:1      | Noticed a centaur
    26 | D:1      | Noticed an elf
    28 | D:1      | Noticed a minotaur
    30 | D:1      | Noticed a tengu
    30 | D:1      | Noticed a draconian
   118 | D:1      | Reached XP level 2. HP: 16/27 MP: 1/1
   126 | D:1      | Reached skill level 4 in Polearms
   677 | D:1      | Reached ** piety under Trog
  1181 | D:2      | Found a shattered altar of Ashenzari.
  1182 | D:2      | Found a shimmering altar of Xom.
  1185 | D:2      | Found a bloodstained altar of Trog.
  1357 | D:2      | Reached XP level 3. HP: 29/33 MP: 2/2
  1913 | D:3      | Noticed Sigmund
  1928 | D:3      | Killed Sigmund
  1928 | D:3      | Reached skill level 5 in Fighting
  1928 | D:3      | Reached skill level 5 in Polearms
  1928 | D:3      | Reached skill level 1 in Stealth
  1928 | D:3      | Reached XP level 4. HP: 39/42 MP: 3/3
  1928 | D:3      | Reached XP level 5. HP: 45/48 MP: 4/4
  1966 | D:3      | Noticed Grinder
  1973 | D:3      | Paralysed by Grinder for 2 turns
  1982 | D:3      | Killed Grinder
  1982 | D:3      | Reached skill level 6 in Polearms
  1982 | D:3      | Reached XP level 6. HP: 56/56 MP: 5/5
  2083 | D:3      | Reached XP level 7. HP: 62/62 MP: 6/6
  2173 | D:3      | Found a white marble altar of Elyvilon.
  2217 | D:3      | Noticed Jessica
  2225 | D:3      | Killed Jessica
  2697 | D:3      | Found a snail-covered altar of Cheibriados.
  3190 | D:4      | Reached skill level 7 in Polearms
  3479 | D:4      | Found an iron altar of Okawaru.
  3693 | D:4      | Reached skill level 5 in Dodging
  3912 | D:5      | Entered Level 5 of the Dungeon
  3912 | D:5      | Found a staircase to the Ecumenical Temple.
  4060 | D:5      | Found Covvicotro's Distillery.
  4444 | D:5      | Found a shimmering altar of Xom.
  4453 | D:5      | Reached XP level 8. HP: 70/71 MP: 7/7
  4463 | D:5      | Reached skill level 8 in Polearms
  4642 | D:6      | Reached skill level 1 in Throwing
  5128 | D:6      | Reached skill level 9 in Polearms
  5249 | D:6      | Reached *** piety under Trog
  5404 | D:6      | Reached skill level 5 in Armour
  5404 | D:6      | Reached XP level 9. HP: 53/79 MP: 8/8
  5926 | D:7      | Found Ikhli Xots's Antique Weapon Emporium.
  6553 | D:7      | Reached skill level 5 in Throwing
  7008 | D:7      | Found an ornate altar of the Wu Jian Council.
  7867 | D:8      | Found a blossoming altar of Fedhas.
  7869 | D:8      | Found a glowing silver altar of Zin.
  7971 | D:8      | Reached **** piety under Trog
  8189 | D:8      | Found an opulent altar of Gozag.
  8238 | D:8      | Noticed Prince Ribbit
  8244 | D:8      | Killed Prince Ribbit
  8244 | D:8      | Reached skill level 10 in Polearms
  8401 | D:8      | Found a shadowy altar of Dithmenos.
  8657 | D:9      | Reached XP level 10. HP: 46/88 MP: 7/9
  8724 | D:9      | Got a clouded wooden ring
  8926 | D:9      | Noticed a two-headed ogre
  8945 | D:9      | Killed a two-headed ogre
  9633 | D:9      | Reached skill level 11 in Polearms
 10036 | D:10     | Entered Level 10 of the Dungeon
 10202 | D:10     | Identified the ring "Tygoudeiba" {rElec rPois Str-4 Int+6
                  | Stlth+} (You found it on level 9 of the Dungeon)
 10306 | D:10     | Reached ***** piety under Trog
 10559 | D:10     | Noticed a death yak
 10572 | D:10     | Noticed a death yak
 10578 | D:10     | Noticed a death yak
 10587 | D:11     | Noticed a cyclops
 10589 | D:11     | Slain by a death yak

Illustrated notes

Levels and vault maps discovered:
D:1:      kb_arrival_jail, layout_loops_ring
D:2:      layout_loops_ring, minitemple
D:3:      minmay_bubble_buster, layout_rooms, overflow_temple_1_default,
          marbit_many_paths, first_ration, chequers_serial_rivers_micro_b,
          uniq_jessica, uniq_grinder, uniq_sigmund
D:4:      layout_loops_ring, okawaru_ov_weapons_minmay, minivault_11,
          uniq_crazy_yiuf_cottage
D:5:      layout_rooms, minmay_temple_entry_junction, serial_shops, shop,
          led_xom_imps
D:6:      layout_rooms
D:7:      layout_layer_cave, kennysheep_little_box, serial_shops, shop
D:8:      layout_basic, overflow_temple_1_default,
          nicolae_overflow_hidden_temple, uniq_prince_ribbit1
D:9:      layout_irregular_city
D:10:     layout_roguey, dpeg_lair_monsters, minmay_orc_entry_guard_dogs,
          uniq_maurice
D:11:     layout_rooms

Skill      XL: |  1  2  3  4  5  6  7  8  9 10 |
---------------+-------------------------------+-----
Polearms       | 4 5 6 7 9 10 11 | 11.3
Fighting       | 4 5 6 7 8 |  8.7
Dodging        | 3 4 5 6 |  6.8
Stealth        | 1 2 3 |  3.8
Armour         | 3 5 6 7 |  7.3
Throwing       | 2 6 7 |  7.2

Action                   |  1- 3 |  4- 6 |  7- 9 | 10-12 || total
-------------------------+-------+-------+-------+-------++-------
Melee: Spear             |    71 |    35 |   165 |       ||   271
       Headbutt          |     8 |     6 |    82 |    31 ||   127
       Trident           |       |       |   201 |   158 ||   359
Throw: Dart              |       |       |   118 |    62 ||   180
Invok: Berserk           |     1 |     2 |       |       ||     3
       Trog's Hand       |       |       |       |     1 ||     1
Evoke: Wand              |       |       |       |     3 ||     3
  Use: Scroll            |     4 |     3 |     2 |     1 ||    10
       Potion            |       |     5 |     4 |     2 ||    11
 Stab: Sleeping          |       |       |     5 |       ||     5
  Eat: Chunk             |     2 |       |     5 |       ||     7
       Ration            |     1 |       |     5 |     2 ||     8
Armor: Animal skin       |    11 |     3 |     5 |       ||    19
       Ring mail         |       |       |    82 |    59 ||   141
Dodge: Dodged            |    43 |    21 |   214 |   112 ||   390
